 Dungeon Crawl Stone Soup version 0.31.0-9-g3a7656b989 (webtiles) character file.

Game seed: 15370513184646615087

8 Colgate the Poker (level 2, 22/24 HPs)
             Began as a Demonspawn Chaos Knight on Feb 3, 2024.
             Was a Plaything of Xom.
             Quit the game on level 1 of the Dungeon.
             The game lasted 00:00:10 (214 turns).

Colgate the Poker (Demonspawn Chaos Knight)          Turns: 214, Time: 00:00:10

Health: 22/24      AC:  7    Str: 12    XL:     2   Next: 0%
Magic:  2/2        EV: 11    Int: 12    God:    Xom [*.....]
Gold:   2          SH:  0    Dex: 12    Spells: 1/1 levels left

rFire   . . .        a - +0 spear (chaos)
rCold   . . .        (no shield)
rNeg    . . .        b - +2 leather armour
rPois   .            (no helmet)
rElec   .            (no cloak)
rCorr   .            (no gloves)
SInv    .            (no boots)
Will    .....        (no amulet)
Stlth   +            (no ring)
HPRegen 0.24/turn    (no ring)
MPRegen 0.08/turn

%: no passive effects
@: no status effects
A: thin metallic scales 1
a: Renounce Religion


You were on level 1 of the Dungeon.
You worshipped Xom.
You were a special plaything of Xom.
You visited 1 branch of the dungeon, and saw 1 of its levels.

You collected 2 gold pieces.

Inventory:

Hand Weapons
 a - a +0 spear of chaos (weapon)
Armour
 b - a +2 leather armour (worn)
Scrolls
 c - a scroll of butterflies
 d - a scroll of blinking {unknown}


   Skills:
 - Level 3.0 Fighting
 + Level 3.2 Polearms
 - Level 1.7 Armour
 - Level 0.8 Dodging


You had one spell level left.
You didn't know any spells.
Your spell library was empty.

Dungeon Overview and Level Annotations

Branches:
Dungeon (1/15)

Altars:

Shops:
D:1 !


Innate Abilities, Weirdness & Mutations

You are partially covered in thin metallic scales. (AC +2)


Message History

Key pressed, stopping explore.
No target in view!
Key pressed, stopping explore.
No target in view!
Key pressed, stopping explore.
No target in view!
A rat comes into view.
The rat squeaks loudly.
You hear a shout!
A goblin comes into view. It is wielding a +4 vampiric dagger.
There are monsters nearby!
You reach to attack!
You hit the rat but do no damage.
There are monsters nearby!
You hit the rat but do no damage. The rat bites you but does no damage.
There are monsters nearby!
You closely miss the rat. The rat bites you but does no damage.
There are monsters nearby!
You hit the goblin. You freeze the goblin. Your punch misses the goblin.
There are monsters nearby!
You closely miss the goblin.
Xom makes a sudden noise!
You hear someone snoring.
You are now a special plaything of Xom.
You hear a shout!
You hear an angry hiss.
The goblin completely misses you. The rat bites you.
You emit a cloud of colourful smoke!
There are monsters nearby!
You closely miss the goblin. The goblin barely misses you.
The rat bites you but does no damage.
There are monsters nearby!
You hit the goblin.
You kill the goblin!
The rat bites you but does no damage.
A rat is nearby!
You hit the rat but do no damage. The rat completely misses you.
A rat is nearby!
You hit the rat.
You kill the rat!
You have reached level 2!
Your demonic ancestry asserts itself...
Thin metallic scales grow over part of your body.
Are you sure you want to abandon this character and quit the game? (Confirm with "yes".)

##......#
#.......#.#
###+#.......#.#
..............#
#...........#.#
#...........#.#
......§)§...#.#
#@#####.### ..
# ####
#.§.......#
.#?# #..#
#######...#
#.#.# ##.<#
#......# ....#
.'..# ##.###.#
....# .####
#....#.# ....#
....#
#....#.##....##
....#
#.####.#.......
⌠.#.#
#......#.#+####


There were no monsters in sight!

Vanquished Creatures
  2 bats (D:1)
  2 endoplasms (D:1)
  A goblin (D:1)
  A ball python (D:1)
  2 rats (D:1)
8 creatures vanquished.

Notes
Turn   | Place    | Note
-------+----------+-------------------------------------------
     0 | D:1      | Colgate the Demonspawn Chaos Knight began the quest for the
                  | Orb.
     0 | D:1      | Reached XP level 1. HP: 18/18 MP: 1/1
   116 | D:1      | Found Muuk Foo's Distillery.
   209 | D:1      | XOM: noise
   209 | D:1      | XOM: smoke on damage
   214 | D:1      | Gained mutation: You are partially covered in thin metallic
                  | scales. (AC +2) [demonic ancestry]
   214 | D:1      | Reached XP level 2. HP: 22/24 MP: 2/2
   214 | D:1      | Quit the game

Illustrated notes

Levels and vault maps discovered:
D:1:      dpeg_arrival_court, layout_basic, serial_shops, shop,
          nicolae_shop_just_a_little_nook, nicolae_shop_rolled_up

Skill      XL: |  1 |
---------------+----+-----
Polearms       | 3 |  3.2
Fighting       | |  3.0
Armour         | |  1.7
Dodging        | |  0.8

Action                     || total
---------------------------++-------
  Melee: Spear             ||    21
 Armour: Leather armour    ||     9
  Dodge: Dodged            ||    10
